 Dungeon Crawl Stone Soup version 0.31-a0-83-gbff143cfd1 (webtiles) character file.

Game seed: 15420413235379176410

5474 FizzleBangTC the Thaumaturge (level 11, -3/102 HPs)
             Began as a Meteoran Earth Elementalist on May 25, 2023.
             Was a Priest of Cheibriados.
             Slain by a yak (7 damage)
             ... on level 9 of the Dungeon.
             The game lasted 00:47:18 (1060 turns).

FizzleBangTC the Thaumaturge (MeEE)                 Turns: 1060, Time: 00:47:19

Health: -3/102     AC:  2    Str: 17    XL:     11   Next: 20%
Magic:  6/36       EV: 13    Int: 28    God:    Cheibriados [***...]
Gold:   148        SH:  0    Dex: 22    Spells: 27/33 levels left

rFire   . . .        a - +1 demon whip (venom)
rCold   . . .        (no shield)
rNeg    . . .        c - +0 robe
rPois   .            (no helmet)
rElec   .            (no cloak)
rCorr   .            (no gloves)
SInv    .            (no boots)
Will    +....        (no amulet)
Stlth   +            f - ring of magical power
HPRegen 0.37/turn    (no ring)
MPRegen 0.25/turn

%: no passive effects
@: glowing, very slow
A: sense surroundings 2, otherworldly, glowing, explore regen
a: Renounce Religion, Bend Time, Temporal Distortion


You were on level 9 of the Dungeon.
You worshipped Cheibriados.
Cheibriados was most pleased with you.
You visited 1 branch of the dungeon, and saw 10 of its levels.

You collected 256 gold pieces.
You spent 108 gold pieces at shops.

Inventory:

Hand Weapons
 a - a +1 demon whip of venom (weapon)
 b - the +8 spear "Erafiorr" {holy, *Corrode rN++}
   (You found it on level 8 of the Dungeon)

   rN:        It greatly protects you from negative energy.
   *Corrode:  It may corrode you when you take damage.
 g - a +0 triple sword {@w1}
 j - a +3 dagger
 o - a +0 short sword
Missiles
 F - a throwing net
Armour
 c - a +0 robe (worn)
Jewellery
 f - a ring of magical power (left hand)
Wands
 n - a wand of mindburst (18)
Scrolls
 e - a scroll of blinking
 i - a scroll of poison {unknown}
 k - a scroll of vulnerability
Potions
 d - 2 potions of brilliance
 h - a potion of resistance
 m - 2 potions of magic
 p - a potion of lignification


   Skills:
 + Level 11.3 Fighting
 - Level 2.4 Dodging
 - Level 1.4 Stealth
 + Level 11.7 Spellcasting
 - Level 3.0 Conjurations
 - Level 1.2 Transmutations
 - Level 7.0 Earth Magic
 - Level 4.0 Evocations


You had 27 spell levels left.
You knew the following spells:

 Your Spells              Type           Power      Damage    Failure   Level
a - Sandblast             Erth           100%       2d20      1%          1
b - Stone Arrow           Conj/Erth      72%        3d11      2%          3
z - Passwall              Tmut/Erth      25%        N/A       1%          2

Your spell library contained the following spells:

 Spells                   Type           Power      Damage    Failure   Level
 Ozocubu's Armour         Ice            16%        N/A       10%         3
 Petrify                  Tmut/Erth      31%        N/A       12%         4
 Ozocubu's Refrigeration  Ice            8%         4d9       100%        7


Dungeon Overview and Level Annotations

Branches:
Dungeon (10/15) Zot: 7533  Temple (0/1) D:7            Lair (0/5) D:8
    Orc: D:9-12

Altars:
Cheibriados
Dithmenos
Hepliaklqana
Okawaru

Shops:
D:7 ?

Portals:
Bailey: D:7


Innate Abilities, Weirdness & Mutations

You passively map the area around you.
You are easily found by Zot.
You glow in the dark.
You regain HP and MP as you explore.


Message History

Aim: a two-headed ogre, wielding a +0 giant spiked club and a +0 great mace (almost dead, 88% to hit)
The stone arrow hits the two-headed ogre!
You kill the two-headed ogre!
Cheibriados appreciates the change of pace.
Your Fighting skill increases to level 11!
Press: ? - help, v - describe, . - travel, g - get item
Items here: a +0 giant spiked club; a +0 great mace.
The floor.
Unknown command.
You climb upwards.
The yak bellows! x3; You hear a bellow!
There is a stone staircase leading down here.
Aiming: Stone Arrow (mildly dangerous; 2% risk of failure)
Press: ? - help, Shift-Dir - straight line, f - yak
Aim: a yak (84% to hit)
The stone arrow hits the yak!!
The yak is heavily wounded.
The yak gores you. x2
You climb downwards.
There is a stone staircase leading up here.
Aiming: Stone Arrow (mildly dangerous; 2% risk of failure)
Press: ? - help, Shift-Dir - straight line, f - yak
Aim: a yak (heavily wounded, 84% to hit)
The stone arrow hits the yak!!
You kill the yak!
Cheibriados appreciates the change of pace.
The yak gores you!
Aiming: Sandblast (safe; 1% risk of failure)
Press: ? - help, Shift-Dir - straight line, f - yak
Aim: a yak (91% to hit)
The blast of sand hits the yak.
The yak is lightly wounded.
The yak gores you. The yak gores you!
Aiming: Stone Arrow (mildly dangerous; 2% risk of failure)
Press: ? - help, Shift-Dir - straight line, f/p - yak
Aim: a yak (lightly wounded, 84% to hit)
The stone arrow hits the yak!!
The yak is heavily wounded.
The yak gores you but does no damage.
Aiming: Stone Arrow (mildly dangerous; 2% risk of failure)
Press: ? - help, Shift-Dir - straight line, f/p - yak
Aim: a yak (heavily wounded, 84% to hit)
The stone arrow hits the yak!
The yak is almost dead.
The yak gores you!
Aiming: Sandblast (safe; 1% risk of failure)
Press: ? - help, Shift-Dir - straight line, f/p - yak
Aim: a yak (almost dead, 91% to hit)
The blast of sand hits the yak!!
You kill the yak!
Cheibriados appreciates the change of pace.
Unknown command.
Unknown command.
Unknown command.
Unknown command.
Unknown command.
Unknown command.
Unknown command.
Unknown command.
Unknown command.
Unknown command.
Unknown command.
Unknown command.
Unknown command.
Unknown command.
Unknown command.
Unknown command.
You climb upwards.
The yak closely misses you. The yak barely misses you. The yak gores you!
The yak gores you.
There is a stone staircase leading down, spattered with blood here.
Aiming: Stone Arrow (mildly dangerous; 2% risk of failure)
Press: ? - help, Shift-Dir - straight line, f - yak
Aim: a yak (84% to hit)
The stone arrow hits the yak!
The yak is moderately wounded.
The yak closely misses you. The yak gores you.
Aiming: Stone Arrow (mildly dangerous; 2% risk of failure)
Press: ? - help, Shift-Dir - straight line, f/p - yak
Aim: a yak (moderately wounded, 84% to hit)
The stone arrow hits the yak!
The yak is severely wounded.
The yak gores you! x2
* * * LOW HITPOINT WARNING * * *
Aiming: Stone Arrow (mildly dangerous; 2% risk of failure)
Press: ? - help, Shift-Dir - straight line, f/p - yak
Aim: a yak (severely wounded, 84% to hit)
The stone arrow hits the yak!
The yak is almost dead.
The yak gores you!
* * * LOW HITPOINT WARNING * * *
The yak gores you!
* * * LOW HITPOINT WARNING * * *
Aiming: Stone Arrow (mildly dangerous; 2% risk of failure)
Press: ? - help, Shift-Dir - straight line, f/p - yak
Aim: a yak (almost dead, 84% to hit)
The stone arrow hits the yak!!
You kill the yak!
Cheibriados appreciates the change of pace.
The yak gores you!
You die...

,..............Y,
...............,
...............
..............$
.......$.......
###########........
#.................. ,,
#............Y..... ,
#...†@.Y...........
#####....Y.............
##..............########
* #(.###..........#
##.## #####......# *
#..# ######...[....,
#^.# ...##..#.#.###* *
#..# ._.##..#...# , *
#..# ...##...####


You could see 2 yaks.

Vanquished Creatures
  A two-headed ogre (D:10)
  Amaemon (D:9)
  An orange demon (D:9)
  A troll (D:10)
  6 yaks
  Grum (D:8)
  A steam dragon (D:9)
  Menkaure (D:7)
  4 water moccasins
  An acid dragon (D:9)
  An ice beast (D:5)
  2 black bears (D:5)
  A sky beast (D:7)
  A centaur (D:7)
  3 ogres (D:4)
  2 wolves (D:8)
  A kobold brigand (D:10)
  A bullfrog (D:8)
  4 scorpions
  3 wights (D:8)
  5 killer bees (D:7)
  2 howler monkeys (D:8)
  3 orc priests
  2 hounds
  2 jellies
  An iguana (D:7)
  4 orc wizards
  2 adders (D:5)
  2 white imps
  20 orcs
  2 giant cockroaches (D:4)
  3 hobgoblins
  A bat (D:1)
  3 goblins
  7 kobolds
  2 rats
98 creatures vanquished.

Vanquished Creatures (collateral kills)
  A wolf (D:8)
1 creature vanquished.

Vanquished Creatures (others)
  A wolf (D:8)
1 creature vanquished.

Grand Total: 100 creatures vanquished

Notes
Turn   | Place    | Note
-------+----------+-------------------------------------------
     0 | D:1      | FizzleBangTC the Meteoran Earth Elementalist began the
                  | quest for the Orb.
     0 | D:1      | Reached XP level 1. HP: 14/14 MP: 5/5
    62 | D:2      | Found a snail-covered altar of Cheibriados.
    70 | D:2      | Became a worshipper of Cheibriados the Contemplative
    86 | D:3      | Noticed a jelly
    88 | D:3      | Killed a jelly
    89 | D:3      | Reached skill level 5 in Earth Magic
    89 | D:3      | Reached XP level 2. HP: 20/20 MP: 3/6
    89 | D:3      | Reached XP level 3. HP: 26/26 MP: 4/8
    92 | D:3      | Learned a level 2 spell: Passwall
    96 | D:3      | Learned a level 3 spell: Stone Arrow
   109 | D:4      | Noticed an ogre
   113 | D:4      | Killed an ogre
   114 | D:4      | Reached XP level 4. HP: 33/33 MP: 3/9
   114 | D:4      | Reached XP level 5. HP: 38/38 MP: 3/10
   122 | D:4      | Noticed an ogre
   126 | D:4      | Killed an ogre
   127 | D:4      | Reached XP level 6. HP: 45/45 MP: 3/11
   185 | D:4      | Noticed an ogre
   192 | D:4      | Killed an ogre
   195 | D:4      | Reached XP level 7. HP: 18/50 MP: 14/14
   199 | D:4      | Reached * piety under Cheibriados
   227 | D:5      | Entered Level 5 of the Dungeon
   230 | D:5      | Reached skill level 5 in Spellcasting
   243 | D:5      | Reached XP level 8. HP: 57/57 MP: 19/19
   397 | D:7      | Found Ryamavve's Magic Scroll Emporium.
   399 | D:7      | Bought a scroll of identify for 24 gold pieces
   399 | D:7      | Bought a scroll of vulnerability for 48 gold pieces
   399 | D:7      | Bought a scroll of teleportation for 36 gold pieces
   408 | D:7      | Noticed Menkaure
   413 | D:7      | Killed Menkaure
   426 | D:7      | Gained mutation: You passively map the area around you.
                  | [Meteoran growth]
   426 | D:7      | Reached XP level 9. HP: 65/71 MP: 19/23
   464 | D:7      | Found a flagged portal.
   493 | D:7      | Reached ** piety under Cheibriados
   501 | D:7      | Reached skill level 5 in Fighting
   566 | D:8      | Found an iron altar of Okawaru.
   570 | D:8      | Identified the +8 spear "Erafiorr" {holy, *Corrode rN++}
   585 | D:8      | Found a shadowy altar of Dithmenos.
   585 | D:8      | Noticed Grum
   614 | D:8      | Killed Grum
   686 | D:8      | Reached XP level 10. HP: 76/90 MP: 24/24
   751 | D:9      | Reached *** piety under Cheibriados
   823 | D:9      | Reached skill level 10 in Fighting
   823 | D:9      | Reached skill level 10 in Spellcasting
   835 | D:9      | Found a hazy altar of Hepliaklqana.
   851 | D:9      | Noticed an orange demon
   856 | D:9      | Killed an orange demon
   858 | D:9      | Noticed Amaemon
   867 | D:9      | Killed Amaemon
   879 | D:10     | Entered Level 10 of the Dungeon
  1003 | D:10     | Reached XP level 11. HP: 76/101 MP: 27/27
  1039 | D:10     | Noticed a two-headed ogre
  1044 | D:10     | Killed a two-headed ogre
  1059 | D:9      | HP: 15/102 [yak (11)]
  1059 | D:9      | HP: 3/102 [yak (12)]
  1060 | D:9      | Slain by a yak

Illustrated notes

Levels and vault maps discovered:
D:1:      reono_arrival_forest_river, layout_basic
D:2:      layout_basic, basic_altar
D:3:      layout_basic, uniq_robin
D:4:      layout_loops_cross
D:5:      layout_rooms, nrook_loot_triangle, uniq_pikel
D:6:      layout_gridville
D:7:      layout_basic, minmay_temple_entry_junction, serial_shops,
          nicolae_shop_trees, enter_bailey_4, uniq_menkaure
D:8:      layout_basic, mainiacjoe_overflow_concentric_impassable,
          nicolae_dithmenos_the_darkroom, minmay_lair_entry_grove,
          nicolae_figureground_pulse, uniq_grum
D:9:      layout_basic, tgw_kikubaaqudgha, nicolae_hepliaklqana_hippocampus,
          minmay_misc_feat_enclosed, uniq_amaemon
D:10:     minmay_cornered_nines, layout_loops_corners

Skill      XL: |  1  2  3  4  5  6  7  8  9 10 11 |
---------------+----------------------------------+-----
Earth Magic    | 5 6 7 |  7.0
Conjurations   | 3 |  3.0
Spellcasting   | 4 6 9 11 | 11.7
Fighting       | 3 8 10 11 | 11.3
Evocations     | 2 4 |  4.0
Dodging        | |  2.4
Stealth        | |  1.4
Transmutations | |  1.2

Action                     |  1- 3 |  4- 6 |  7- 9 | 10-12 || total
---------------------------+-------+-------+-------+-------++-------
  Melee: Short sword       |       |     1 |       |       ||     1
         Demon whip        |       |       |       |     3 ||     3
  Throw: Throwing net      |       |       |     1 |     2 ||     3
   Cast: Sandblast         |     8 |    17 |    68 |    22 ||   115
         Stone Arrow       |     1 |       |    28 |    39 ||    68
         Passwall          |       |       |     8 |     8 ||    16
 Invoke: Bend Time         |       |       |     2 |       ||     2
  Evoke: Wand              |       |       |     3 |     7 ||    10
    Use: Potion            |       |       |     2 |     1 ||     3
         Scroll            |       |       |     2 |     2 ||     4
 Armour: Robe              |       |     5 |     7 |     3 ||    15
         Skin              |       |       |     7 |    40 ||    47
  Dodge: Dodged            |     1 |     4 |    43 |    32 ||    80

Table legend: (Time is in decaauts)
 A = Elapsed time spent in this place.
 B = Non-inter-level travel time spent in this place.
 C = Inter-level travel time spent in this place.
 D = Time resting spent in this place.
 E = Time spent auto-exploring this place.
 F = Levels seen in this place.
 G = Mean time per level.
                   A        B        C        D        E       F      G
               +--------+--------+--------+--------+--------+-----+--------+
         Total |   1428 |   1428 |      0 |      0 |      0 |  10 |  142.8 |
       Dungeon |   1428 |   1428 |      0 |      0 |      0 |  10 |  142.8 |
               +--------+--------+--------+--------+--------+-----+--------+

Top non-repeatable levels by time:
     D:9: 291 daAuts
    D:10: 227 daAuts
     D:8: 222 daAuts
     D:5: 186 daAuts
     D:7: 158 daAuts
     D:4: 136 daAuts
     D:6: 69 daAuts
     D:1: 66 daAuts
     D:3: 42 daAuts
     D:2: 27 daAuts

Levels and vault maps discovered:
D:1:      reono_arrival_forest_river, layout_basic
D:2:      layout_basic, basic_altar
D:3:      layout_basic, uniq_robin
D:4:      layout_loops_cross
D:5:      layout_rooms, nrook_loot_triangle, uniq_pikel
D:6:      layout_gridville
D:7:      layout_basic, minmay_temple_entry_junction, serial_shops,
          nicolae_shop_trees, enter_bailey_4, uniq_menkaure
D:8:      layout_basic, mainiacjoe_overflow_concentric_impassable,
          nicolae_dithmenos_the_darkroom, minmay_lair_entry_grove,
          nicolae_figureground_pulse, uniq_grum
D:9:      layout_basic, tgw_kikubaaqudgha, nicolae_hepliaklqana_hippocampus,
          minmay_misc_feat_enclosed, uniq_amaemon
D:10:     minmay_cornered_nines, layout_loops_corners

Table legend: (Time is in decaauts)
 A = Elapsed time spent in this place.
 B = Non-inter-level travel time spent in this place.
 C = Inter-level travel time spent in this place.
 D = Time resting spent in this place.
 E = Time spent auto-exploring this place.
 F = Levels seen in this place.
 G = Mean time per level.
                   A        B        C        D        E       F      G
               +--------+--------+--------+--------+--------+-----+--------+
         Total |   1428 |   1428 |      0 |      0 |      0 |  10 |  142.8 |
       Dungeon |   1428 |   1428 |      0 |      0 |      0 |  10 |  142.8 |
               +--------+--------+--------+--------+--------+-----+--------+

Top non-repeatable levels by time:
     D:9: 291 daAuts
    D:10: 227 daAuts
     D:8: 222 daAuts
     D:5: 186 daAuts
     D:7: 158 daAuts
     D:4: 136 daAuts
     D:6: 69 daAuts
     D:1: 66 daAuts
     D:3: 42 daAuts
     D:2: 27 daAuts

Table legend:
 A = Kills in this place as a percentage of kills in the entire game.
 B = Kills by you in this place as a percentage of kills by you in the entire game.
 C = Kills by friends in this place as a percentage of kills by friends in the entire game.
 D = Other kills in this place as a percentage of other kills in the entire game.
 E = Experience gained in this place as a percentage of experience gained in the entire game.
 F = Experience gained in this place divided by the number of levels of this place that you have seen.
                   A       B       C       D       E      F
               +-------+-------+-------+-------+-------+----------------------
         Total | 100.0 | 100.0 | 100.0 |   N/A | 100.0 | 801.6
       Dungeon | 100.0 | 100.0 | 100.0 |   N/A | 100.0 | 801.6
               +-------+-------+-------+-------+-------+----------------------
